NCAA
NEBRASKA CORNHUSKERS @ GEORGETOWN HOYAS
04/18/2026
 
TOP OF THE 1ST
Nebraska Cornhuskers batting - Pitching for Georgetown Hoyas : RHP Mario López
Pitching: RHP Mario López
Batting: RHB Tony Barton 0-0: Ground out 6-3 (Groundball, 6)
Batting: RHB Jim Heath 0-0: Ball
1-0: Ball
2-0: Ball
3-0: Base on Balls
Batting: RHB Tony Long 0-0: TRIPLE (Line Drive, 7LS)
Jim Heath scores
Batting: SHB Carl Rivers 0-0: Ball
1-0: SINGLE (Groundball, 34D)
Tony Long scores
Batting: LHB Dusty Wilson 0-0: Swinging Strike
0-1: Ball
1-1: Foul Ball, location: 2F
1-2: Foul Ball, location: 2F
1-2: Ball
2-2: Ball
3-2: Base on Balls
Carl Rivers to second
Batting: RHB Miguel García 0-0: Ball
1-0: Foul Ball, location: 2F
1-1: Swinging Strike
1-2: Strikes out looking
Batting: RHB Júlio Franco 0-0: Ball
1-0: Ball
2-0: Ball
3-0: Base on Balls
Carl Rivers to third
Dusty Wilson to second
Batting: RHB António Rodríguez 0-0: Reached on error, E3 (Groundball, 3S)
Carl Rivers scores
Dusty Wilson to third
Júlio Franco to second
Batting: LHB Phil Krieger 0-0: Ball
1-0: Ball
2-0: Ball
3-0: Called Strike
3-1: Base on Balls
Dusty Wilson scores
Júlio Franco to third
António Rodríguez to second
Batting: RHB Tony Barton 0-0: Ball
1-0: Ball
2-0: Ball
3-0: Called Strike
3-1: Base on Balls
Júlio Franco scores
António Rodríguez to third
Phil Krieger to second
Batting: RHB Jim Heath 0-0: Swinging Strike
0-1: Foul Ball, location: 2F
0-2: Foul Ball, location: 2F
0-2: Ball
1-2: Ball
2-2: Ball
3-2: SINGLE (Groundball, 56D)
António Rodríguez scores
Phil Krieger to third
Tony Barton to second
Phil Krieger scores
Tony Barton to third
Batting: RHB Tony Long 0-0: Ball
1-0: Ball
2-0: Foul Ball, location: 2F
2-1: Foul Ball, location: 2F
2-2: Ball
3-2: Ground out 5-3 (Groundball, 56S)
Top of the 1st over - 7 run(s), 3 hit(s), 1 error(s), 2 left on base; Nebraska 7 - Georgetown 0
BOTTOM OF THE 1ST
Georgetown Hoyas batting - Pitching for Nebraska Cornhuskers : RHP Tyrone Ball
Pitching: RHP Tyrone Ball
Batting: RHB Bob Lee 0-0: Ground out 5-3 (Groundball, 56)
Batting: LHB José De La Cruz 0-0: SINGLE (Groundball, 6MD)
Batting: RHB Hubert MacDonald 0-0: Called Strike
0-1: Foul Ball, location: 2F
0-2: Foul Ball, location: 2F
0-2: Foul Ball, location: 2F
0-2: Ball
1-2: Strikes out swinging
Batting: LHB Ken Bullard 0-0: Ball
1-0: 2-RUN HOME RUN (Line Drive, 9D), Distance : 348 ft
Batting: RHB Glenn Rojas 0-0: Ball
1-0: Ball
2-0: Ball
3-0: Called Strike
3-1: Foul Ball, location: 2F
3-2: Ground out 6-3 (Groundball, 6)
Bottom of the 1st over - 2 run(s), 2 hit(s), 0 error(s), 0 left on base; Nebraska 7 - Georgetown 2
TOP OF THE 2ND
Nebraska Cornhuskers batting - Pitching for Georgetown Hoyas : RHP Mario López
Batting: SHB Carl Rivers 0-0: SOLO HOME RUN (Flyball, 9D), Distance : 342 ft
Batting: LHB Dusty Wilson 0-0: Swinging Strike
0-1: Ball
1-1: Swinging Strike
1-2: Foul Ball, location: 2F
1-2: Ball
2-2: SINGLE (Line Drive, 34D)
Batting: RHB Miguel García 0-0: Called Strike
0-1: Called Strike
0-2: Strikes out swinging
Batting: RHB Júlio Franco 0-0: Called Strike
0-1: Ball
1-1: SINGLE (Flyball, 89S)
Dusty Wilson to second
Runner from 2nd tries for 3rd, SAFE, no throw or cutoff
Pinch Runner at 3rd Alfredo Pinto:
Batting: RHB António Rodríguez 0-0: Ball
1-0: Called Strike
1-1: Called Strike
1-2: SINGLE (Flyball, 89S)
Alfredo Pinto scores
Júlio Franco to second
Runner from 2nd tries for 3rd, SAFE, no throw or cutoff
Pitching: RHP Don Jones
Batting: LHB Phil Krieger 0-0: Called Strike
António Rodríguez steals 2nd base
0-1: Fly out, F7 (Flyball, 78M)
Runner from 3rd tags up, SCORES, no throw
Batting: RHB Tony Barton 0-0: Ball
1-0: SINGLE (Groundball, 56)
António Rodríguez to third
Runner from 3rd tries for Home, SAFE, no throw or cutoff
Batting: RHB Jim Heath 0-0: Called Strike
Tony Barton steals 2nd base
0-1: Foul Ball, location: 2F
0-2: 2-RUN HOME RUN (Flyball, 78XD), Distance : 381 ft
Batting: RHB Tony Long 0-0: Called Strike
0-1: Ground out 6-3 (Groundball, 6)
Top of the 2nd over - 6 run(s), 6 hit(s), 0 error(s), 0 left on base; Nebraska 13 - Georgetown 2
BOTTOM OF THE 2ND
Georgetown Hoyas batting - Pitching for Nebraska Cornhuskers : RHP Tyrone Ball
Batting: RHB Brian Harvey 0-0: Ball
1-0: Ball
2-0: Called Strike
2-1: SINGLE (Line Drive, 6M)
Batting: LHB Chris Smith 0-0: Called Strike
0-1: Swinging Strike
0-2: Ground out 5-3 (Groundball, 5S)
Brian Harvey to second
Batting: LHB Robinson Ordóńez 0-0: Ball
1-0: Foul Ball, location: 2F
1-1: Called Strike
1-2: Fly out, F8 (Flyball, 8LM)
Batting: LHB Preston Leach 0-0: Called Strike
0-1: Foul Ball, location: 2F
0-2: SINGLE (Groundball, 4M)
Brian Harvey to third
Runner from 3rd tries for Home, SAFE, no throw or cutoff
Batting: RHB Bob Lee 0-0: Foul Ball, location: 2F
0-1: Ball
1-1: Ball
2-1: Fly out, F3 (Popup, 3)
Bottom of the 2nd over - 1 run(s), 2 hit(s), 0 error(s), 1 left on base; Nebraska 13 - Georgetown 3
TOP OF THE 3RD
Nebraska Cornhuskers batting - Pitching for Georgetown Hoyas : RHP Don Jones
Batting: SHB Carl Rivers 0-0: Ball
1-0: Ball
2-0: Called Strike
2-1: Ball
3-1: Called Strike
3-2: Strikes out swinging
Batting: RHB Alfredo Pinto 0-0: Called Strike
0-1: Ball
1-1: Called Strike
1-2: Foul Ball, location: 2F
1-2: Ball
2-2: Ball
3-2: Strikes out looking
Batting: RHB Miguel García 0-0: Called Strike
0-1: Fly out, F5 (Popup, 5SF)
Top of the 3rd over - 0 run(s), 0 hit(s), 0 error(s), 0 left on base; Nebraska 13 - Georgetown 3
BOTTOM OF THE 3RD
Georgetown Hoyas batting - Pitching for Nebraska Cornhuskers : RHP Tyrone Ball
Batting: LHB José De La Cruz 0-0: Ball
1-0: Ball
2-0: Called Strike
2-1: Ball
3-1: Foul Ball, location: 2F
3-2: Foul Ball, location: 2F
3-2: Base on Balls
Batting: RHB Hubert MacDonald 0-0: Grounds into double play, 6-4-3 (Groundball, 6)
Batting: LHB Ken Bullard 0-0: Ball
1-0: Foul Ball, location: 2F
1-1: Swinging Strike
1-2: Ball
2-2: Foul Ball, location: 2F
2-2: Ground out 4-3 (Groundball, 4S)
Bottom of the 3rd over - 0 run(s), 0 hit(s), 0 error(s), 0 left on base; Nebraska 13 - Georgetown 3
TOP OF THE 4TH
Nebraska Cornhuskers batting - Pitching for Georgetown Hoyas : RHP Don Jones
Batting: RHB Júlio Franco 0-0: Ball
1-0: Foul Ball, location: 2F
1-1: Ground out 4-3 (Groundball, 4)
Batting: RHB António Rodríguez 0-0: Ball
1-0: Foul Ball, location: 2F
1-1: Ball
2-1: Ball
3-1: Called Strike
3-2: Base on Balls
Pitching: RHP Kyle O'Brien
Batting: LHB Phil Krieger 0-0: Ball
1-0: Called Strike
1-1: Ball
2-1: SINGLE (Line Drive, 6MD)
António Rodríguez to second
Runner from 2nd tries for 3rd, SAFE, throw made to third
Batting: RHB Tony Barton 0-0: Ball
1-0: Fly out, F8 (Flyball, 8RM)
Runner from 3rd tags up, SCORES, no throw
Batting: RHB Jim Heath 0-0: Ball
1-0: Ball
2-0: Called Strike
2-1: Ball
3-1: Ground out 1-3 (Groundball, 15S)
Top of the 4th over - 1 run(s), 1 hit(s), 0 error(s), 1 left on base; Nebraska 14 - Georgetown 3
BOTTOM OF THE 4TH
Georgetown Hoyas batting - Pitching for Nebraska Cornhuskers : RHP Tyrone Ball
Batting: RHB Glenn Rojas 0-0: Called Strike
0-1: Foul Ball, location: 2F
0-2: Strikes out swinging
Batting: RHB Brian Harvey 0-0: Foul Ball, location: 2F
0-1: Fly out, F7 (Flyball, 7LSF)
Batting: LHB Chris Smith 0-0: Foul Ball, location: 2F
0-1: Foul Ball, location: 2F
0-2: Strikes out looking
Bottom of the 4th over - 0 run(s), 0 hit(s), 0 error(s), 0 left on base; Nebraska 14 - Georgetown 3
TOP OF THE 5TH
Nebraska Cornhuskers batting - Pitching for Georgetown Hoyas : RHP Kyle O'Brien
Batting: RHB Tony Long 0-0: Ball
1-0: Ground out 6-3 (Groundball, 6M)
Batting: SHB Carl Rivers 0-0: Called Strike
0-1: Ground out U3 (Groundball, 3)
Batting: RHB Alfredo Pinto 0-0: Ball
1-0: DOUBLE (Flyball, 8RD)
Batting: RHB Miguel García 0-0: Ball
1-0: Called Strike
1-1: Foul Ball, location: 2F
1-2: Ball
2-2: Fly out, F6 (Popup, 6MD)
Top of the 5th over - 0 run(s), 1 hit(s), 0 error(s), 1 left on base; Nebraska 14 - Georgetown 3
BOTTOM OF THE 5TH
Georgetown Hoyas batting - Pitching for Nebraska Cornhuskers : RHP Tyrone Ball
Batting: LHB Robinson Ordóńez 0-0: Ball
1-0: Ball
2-0: Ball
3-0: Base on Balls
Batting: LHB Preston Leach 0-0: Ball
Wild Pitch!
Robinson Ordóńez to second
1-0: Swinging Strike
1-1: Foul Ball, location: 2F
1-2: Ball
2-2: Foul Ball, location: 2F
2-2: Fly out, F6 (Line Drive, 6M)
Batting: RHB Bob Lee 0-0: Ball
1-0: Ball
2-0: Called Strike
2-1: Ball
3-1: Called Strike
3-2: Base on Balls
Batting: LHB José De La Cruz 0-0: Called Strike
0-1: Swinging Strike
0-2: Ball
1-2: Foul Ball, location: 2F
1-2: Strikes out looking
Batting: RHB Hubert MacDonald 0-0: Ball
1-0: Ground out 6-3 (Groundball, 6)
Bottom of the 5th over - 0 run(s), 0 hit(s), 0 error(s), 2 left on base; Nebraska 14 - Georgetown 3
TOP OF THE 6TH
Nebraska Cornhuskers batting - Pitching for Georgetown Hoyas : RHP Kyle O'Brien
Batting: RHB Júlio Franco 0-0: Ball
1-0: Ball
2-0: Ball
3-0: Base on Balls
Batting: RHB António Rodríguez 0-0: Ball
1-0: Ball
2-0: Ball
3-0: Called Strike
3-1: Fielders Choice at 2nd, 6-4 (Groundball, 6)
Pitching: RHP Brandon Lee
Batting: LHB Phil Krieger 0-0: Called Strike
0-1: Grounds into double play, 1-6-3 (Groundball, 13)
Top of the 6th over - 0 run(s), 0 hit(s), 0 error(s), 0 left on base; Nebraska 14 - Georgetown 3
BOTTOM OF THE 6TH
Georgetown Hoyas batting - Pitching for Nebraska Cornhuskers : RHP Tyrone Ball
Batting: LHB Ken Bullard 0-0: Called Strike
0-1: Foul Ball, location: 2F
0-2: Strikes out swinging
Pitching: RHP Sergio Sánchez
Batting: RHB Glenn Rojas 0-0: Ball
1-0: Ball
2-0: Ball
3-0: Base on Balls
Batting: RHB Brian Harvey 0-0: Ball
1-0: Grounds into double play, 5-4-3 (Groundball, 5)
Bottom of the 6th over - 0 run(s), 0 hit(s), 0 error(s), 0 left on base; Nebraska 14 - Georgetown 3
TOP OF THE 7TH
Nebraska Cornhuskers batting - Pitching for Georgetown Hoyas : RHP Brandon Lee
Batting: RHB Tony Barton 0-0: Foul Ball, location: 2F
0-1: Ball
1-1: Foul Ball, location: 2F
1-2: Foul Ball, location: 2F
1-2: Ball
2-2: Strikes out looking
Batting: RHB Jim Heath 0-0: Ball
1-0: Ball
2-0: Ball
3-0: Called Strike
3-1: Base on Balls
Batting: RHB Tony Long 0-0: Ball
1-0: Foul Ball, location: 2F
1-1: Foul Ball, location: 2F
1-2: Fly out, F2 (Popup, 2RF)
Batting: SHB Carl Rivers 0-0: Foul Ball, location: 2F
0-1: Ball
1-1: Foul Ball, location: 2F
1-2: Ball
2-2: Ball
3-2: Base on Balls
Jim Heath to second
Batting: RHB Alfredo Pinto 0-0: Ball
1-0: Fly out, F5 (Line Drive, 56)
Top of the 7th over - 0 run(s), 0 hit(s), 0 error(s), 2 left on base; Nebraska 14 - Georgetown 3
BOTTOM OF THE 7TH
Georgetown Hoyas batting - Pitching for Nebraska Cornhuskers : RHP Sergio Sánchez
Batting: LHB Chris Smith 0-0: Called Strike
0-1: Foul Ball, location: 2F
0-2: SINGLE (Groundball, 34D)
Batting: LHB Robinson Ordóńez 0-0: Foul Ball, location: 2F
0-1: Fly out, F8 (Flyball, 8RS)
Batting: LHB Preston Leach 0-0: Grounds into double play, 4-6-3 (Groundball, 4)
Bottom of the 7th over - 0 run(s), 1 hit(s), 0 error(s), 0 left on base; Nebraska 14 - Georgetown 3
TOP OF THE 8TH
Nebraska Cornhuskers batting - Pitching for Georgetown Hoyas : RHP Brandon Lee
Pitching: LHP Joseph Elliott
Batting: RHB Miguel García 0-0: Ball
1-0: Ball
2-0: Called Strike
2-1: Foul Ball, location: 2F
2-2: Strikes out swinging
Batting: RHB Júlio Franco 0-0: Ball
1-0: DOUBLE (Flyball, 9LM)
Batting: RHB António Rodríguez 0-0: Fly out, F2 (Popup, 23F)
Batting: LHB Phil Krieger 0-0: Ball
1-0: Ball
2-0: Ball
3-0: Base on Balls
Batting: RHB Tony Barton 0-0: Ball
1-0: Called Strike
1-1: Fly out, F7 (Flyball, 7M)
Top of the 8th over - 0 run(s), 1 hit(s), 0 error(s), 2 left on base; Nebraska 14 - Georgetown 3
BOTTOM OF THE 8TH
Georgetown Hoyas batting - Pitching for Nebraska Cornhuskers : RHP Sergio Sánchez
Batting: RHB Bob Lee 0-0: Called Strike
0-1: Ball
1-1: SINGLE (Line Drive, 56)
Batting: LHB José De La Cruz 0-0: Called Strike
0-1: Ball
1-1: Swinging Strike
1-2: Fly out, F8 (Flyball, 8LM)
Pitching: RHP Brian Walker
Batting: RHB Hubert MacDonald 0-0: Foul Ball, location: 2F
0-1: Ball
1-1: Ball
2-1: Fly out, F8 (Flyball, 8LM)
Batting: LHB Ken Bullard 0-0: Swinging Strike
0-1: Ball
1-1: Foul Ball, location: 2F
1-2: SINGLE (Groundball, 6MD)
Bob Lee to second
Batting: RHB Glenn Rojas 0-0: Ball
1-0: Ball
2-0: Fly out, F3 (Popup, 3S)
Bottom of the 8th over - 0 run(s), 2 hit(s), 0 error(s), 2 left on base; Nebraska 14 - Georgetown 3
TOP OF THE 9TH
Nebraska Cornhuskers batting - Pitching for Georgetown Hoyas : LHP Joseph Elliott
Pitching: RHP Carl Jones
Batting: RHB Jim Heath 0-0: Called Strike
0-1: Ball
1-1: Ball
2-1: Foul Ball, location: 2F
2-2: Foul Ball, location: 2F
2-2: Ball
3-2: SINGLE (Line Drive, 78S)
Batting: RHB Tony Long 0-0: Ball
1-0: Ball
2-0: Foul Ball, location: 2F
2-1: Ball
3-1: Called Strike
3-2: Base on Balls
Jim Heath to second
Batting: SHB Carl Rivers 0-0: Ball
1-0: Called Strike
1-1: Swinging Strike
1-2: Ball
2-2: Strikes out swinging
Batting: RHB Alfredo Pinto 0-0: Called Strike
0-1: Foul Ball, location: 2F
0-2: Strikes out swinging
Batting: RHB Miguel García 0-0: Ball
1-0: Called Strike
1-1: Swinging Strike
1-2: Strikes out swinging
Top of the 9th over - 0 run(s), 1 hit(s), 0 error(s), 2 left on base; Nebraska 14 - Georgetown 3
BOTTOM OF THE 9TH
Georgetown Hoyas batting - Pitching for Nebraska Cornhuskers : RHP Brian Walker
Batting: RHB Brian Harvey 0-0: Called Strike
0-1: Ball
1-1: Swinging Strike
1-2: Strikes out swinging
Batting: LHB Chris Smith 0-0: Ball
1-0: Swinging Strike
1-1: Ball
2-1: Ground out 4-3 (Groundball, 4)
Batting: LHB Robinson Ordóńez 0-0: Foul Ball, location: 2F
0-1: Ball
1-1: Ball
2-1: Ball
3-1: Foul Ball, location: 2F
3-2: Base on Balls
Batting: LHB Preston Leach 0-0: Foul Ball, location: 2F
0-1: Fly out, F8 (Line Drive, 8RM)
Bottom of the 9th over - 0 run(s), 0 hit(s), 0 error(s), 1 left on base; Nebraska 14 - Georgetown 3
Monday, December 5th, 2016 - OOTP Baseball 17.12 Build 75